 Dungeon Crawl Stone Soup version 0.28.0-47-ge53b351184 (webtiles) character file.

Game seed: 7094338023762423481

373 GigaChad the Covered (level 6, -2/49 (53) HPs)
             Began as a Minotaur Fighter on May 7, 2022.
             Was an Initiate of Okawaru.
             Slain by an orc
             ... wielding a +0 flail of protection
              (4 damage)
             ... on level 5 of the Dungeon.
             The game lasted 00:09:27 (4913 turns).

GigaChad the Covered (Minotaur Fighter)             Turns: 4913, Time: 00:09:28

HP:   -2/49 (53)    AC:  7    Str: 20    XL:     6   Next: 43%
MP:   5/5           EV:  9    Int:  5    God:    Okawaru [......]
Gold: 153           SH:  5    Dex: 12    Spells: 5/5 levels left

rFire   . . .      SeeInvis .   a - +1 long sword
rCold   . . .      Faith    .   c - +0 buckler
rNeg    . . .      Spirit   .   b - +0 scale mail
rPois   .          Reflect  .   (helmet restricted)
rElec   .          Harm     .   (no cloak)
rCorr   .          Rampage  .   (no gloves)
Will    .....                   (no boots)
Stlth   ..........              (no amulet)
HPRegen 0.16/turn               (no ring)
MPRegen 0.09/turn               (no ring)

@: lethally poisoned (-2 -> -10), marked, drained
A: horns 2, retaliatory headbutt
a: Renounce Religion


You were on level 5 of the Dungeon.
You worshipped Okawaru.
Okawaru was noncommittal.
You visited 1 branch of the dungeon, and saw 5 of its levels.

You collected 153 gold pieces.

Inventory:

Hand Weapons
 a - a +1 long sword (weapon)
 l - a +0 antimagic hand axe
Missiles
 h - 4 javelins (quivered)
Armour
 b - a +0 scale mail (worn)
 c - a +0 buckler (worn)
Wands
 p - a wand of polymorph (5)
Scrolls
 e - a scroll of teleportation
 i - a scroll of enchant armour
 j - a scroll of blinking {unknown}
 m - a scroll of magic mapping {unknown}
 o - 2 scrolls of summoning {unknown}
 r - 2 scrolls of identify
 t - a scroll of fear {unknown}
Potions
 d - a potion of might
 f - a potion of heal wounds {unknown}
 g - a potion of haste {unknown}
 k - a potion of lignification {unknown}
 n - a potion of invisibility {unknown}
 q - 4 potions of resistance {unknown}
 s - a potion of flight {unknown}
 u - a potion of curing {unknown}


   Skills:
 + Level 4.7 Fighting
 + Level 5.1 Long Blades
 + Level 5.7 Armour
 + Level 1.1 Dodging
 + Level 0.4 Stealth
 + Level 4.7 Shields


You had 5 spell levels left.
You didn't know any spells.
Your spell library contained the following spells:

 Spells                   Type           Power      Damage    Failure   Level
 Blink                    Tloc           0%         N/A       95%         2
 Manifold Assault         Tloc           0%         N/A       100%        5
 Storm Form               Tmut/Air       0%         N/A       100%        7


Dungeon Overview and Level Annotations

Branches:
Dungeon (5/15)
 Temple: D:4-7

Altars:
Fedhas
Okawaru
Xom


Innate Abilities, Weirdness & Mutations

You have a pair of horns on your head.
You reflexively headbutt those who attack you in melee.


Message History

The orc hits you but does no damage. x2; You block the orc's attack.
The scorpion stings you!
You slash the orc!
You kill the orc!
Okawaru accepts your kill. The orc barely misses you.
You block the orc's attack.
The scorpion stings you but does no damage.
The dart slug launches a dart at you.
The slug dart hits you but does no damage.
You block the orc's attack. The orc hits you but does no damage.
You hit the orc. You headbutt the orc.
The orc is heavily wounded.
You block the scorpion's attack.
The orc hits you with a +2 mace of draining!
You feel drained. The scorpion stings you.
* * * LOW HITPOINT WARNING * * *
You are lethally poisoned!
The scorpion poisons you!
The orc hits you with a +0 flail of protection.
* * * LOW HITPOINT WARNING * * *
The orc hits you with a +0 club.
* * * LOW HITPOINT WARNING * * *
You hit the orc. You headbutt the orc, but do no damage.
The orc is heavily wounded.
* * * LOW HITPOINT WARNING * * *
You feel very sick. You block the orc's attack.
You block the scorpion's attack. The orc closely misses you.
The orc hits you with a +0 club.
* * * LOW HITPOINT WARNING * * *
Unknown command.
Unknown command.
* * * LOW HITPOINT WARNING * * *
You feel very sick.
The orc hits you with a +2 mace of draining.
* * * LOW HITPOINT WARNING * * *
You feel drained. The dart slug launches a dart at you.
The slug dart hits you but does no damage.
The orc hits you with a +0 flail of protection.
You die...

###.......# #
########......†..#
#...##...#....#.......#
..)...........#####.###
..............# #.#
.>............# #.#
...>....<...o.#####.#..
...........#so.$.......
#...##...#..@o........#
##.# ###.##.w........##
#. #.#..........##
.....)......#
.........#...#
....##...#####.# ..#.
#...# .. ..# #....


You could see a scorpion, a dart slug and 3 orcs.

Vanquished Creatures
  A scorpion (D:4)
  A bullfrog zombie (D:5)
  A centaur skeleton (D:5)
  3 hounds
  An iguana (D:4)
  2 adders
  4 gnolls (D:4)
  An ufetubus (D:5)
  An adder skeleton (D:4)
  A worm (D:4)
  3 dart slugs
  6 orcs
  7 endoplasms
  2 giant cockroaches
  3 goblins
  6 hobgoblins
  2 jackals (D:3)
  5 quokkas
  4 ball pythons
  3 bats
  A frilled lizard (D:1)
  4 kobolds
  3 rats
65 creatures vanquished.

Vanquished Creatures (others)
  A plant (D:2)
1 creature vanquished.

Grand Total: 66 creatures vanquished

Notes
Turn   | Place    | Note
-------+----------+-------------------------------------------
     0 | D:1      | GigaChad the Minotaur Fighter began the quest for the Orb.
     0 | D:1      | Reached XP level 1. HP: 19/19 MP: 0/0
   316 | D:1      | Reached XP level 2. HP: 24/27 MP: 1/1
  1107 | D:2      | Reached XP level 3. HP: 29/33 MP: 2/2
  1240 | D:2      | You fall into a shaft and drop 1 floor!
  1333 | D:3      | Found a blossoming altar of Fedhas.
  2595 | D:4      | Reached XP level 4. HP: 27/40 MP: 3/3
  3183 | D:4      | Found an iron altar of Okawaru.
  3193 | D:4      | Became a worshipper of Warmaster Okawaru
  3344 | D:4      | Noticed a scorpion
  3354 | D:4      | Killed a scorpion
  3355 | D:4      | Reached XP level 5. HP: 4/47 MP: 4/4
  4109 | D:4      | Reached skill level 5 in Armour
  4242 | D:4      | Found a shimmering altar of Xom.
  4849 | D:5      | Entered Level 5 of the Dungeon
  4861 | D:5      | Reached XP level 6. HP: 45/53 MP: 5/5
  4871 | D:5      | Reached skill level 1 in Dodging
  4875 | D:5      | Reached skill level 5 in Long Blades
  4913 | D:5      | HP: 2/51 [orc/+2 mace of draining (1)]
  4913 | D:5      | Slain by an orc

Illustrated notes

Levels and vault maps discovered:
D:1:      minmay_arrival_stone_box, layout_loops_ring, hangedman_decor_lopped,
          minmay_tree_intersection, nrook_uturn
D:2:      layout_loops_corners, serial_shops, nicolae_shop_crystal,
          shapermc_ecumenical_altar_mp_ritualfount, serial_bayou_ford_a
D:3:      layout_basic, mainiacjoe_overflow_concentric_impassable,
          supply_closet_lemuel, minivault_26
D:4:      layout_cave_pods, general_overflow_altar,
          mainiacjoe_overflow_cross_hatched
D:5:      layout_rooms, nicolae_overflow_crystal_walls

Skill      XL: |  1  2  3  4  5  6 |
---------------+-------------------+-----
Fighting       | 4 |  4.7
Armour         | 4 5 |  5.7
Shields        | 4 |  4.7
Long Blades    | 3 4 5 |  5.1
Dodging        | 1 |  1.1
Stealth        | |  0.4

Action                   |  1- 3 |  4- 6 || total
-------------------------+-------+-------++-------
Melee: Long sword        |    72 |    76 ||   148
       Headbutt          |    10 |    21 ||    31
  Use: Scroll            |     6 |     1 ||     7
       Potion            |       |     1 ||     1
Armor: Scale mail        |    56 |    39 ||    95
Dodge: Dodged            |    48 |    50 ||    98
Block: Buckler           |    29 |    28 ||    57
